 Dungeon Crawl Stone Soup version 0.28.0-45-g0d030f2227 (webtiles) character file.

Game seed: 11577929852252201047

47 croobank the Skirmisher (level 3, -2/36 HPs)
             Began as a Minotaur Fighter on Apr 15, 2022.
             Slain by an orc priest
             ... wielding a +0 short sword
              (3 damage)
             ... on level 2 of the Dungeon.
             The game lasted 00:02:42 (1010 turns).

croobank the Skirmisher (Minotaur Fighter)          Turns: 1010, Time: 00:02:43

Health: -2/36      AC:  6    Str: 22    XL:     3   Next: 48%
Magic:  2/2        EV:  9    Int:  5    God:
Gold:   40         SH:  4    Dex:  9    Spells: 2/2 levels left

rFire   . . .      SeeInvis .   a - +0 war axe
rCold   . . .      Faith    .   c - +0 buckler
rNeg    . . .      Spirit   .   b - +0 scale mail
rPois   .          Reflect  .   (helmet restricted)
rElec   .          Harm     .   (no cloak)
rCorr   .          Rampage  .   (no gloves)
Will    .....                   (no boots)
Stlth   ..........              (no amulet)
HPRegen 0.12/turn               (no ring)
MPRegen 0.08/turn               (no ring)

@: mighty
A: horns 2, retaliatory headbutt
a: no special abilities


You were on level 2 of the Dungeon.
You visited 1 branch of the dungeon, and saw 2 of its levels.

You collected 40 gold pieces.

Inventory:

Hand Weapons
 a - a +0 war axe (weapon)
 n - a +0 morningstar
Missiles
 e - 31 stones (quivered)
 i - a throwing net
 l - 23 bolts
 m - 17 sling bullets
Armour
 b - a +0 scale mail (worn)
 c - a +0 buckler (worn)
Scrolls
 g - a scroll of identify {unknown}
 j - a scroll of enchant armour {unknown}
Potions
 h - a potion of resistance {unknown}
 k - a potion of attraction {unknown}


   Skills:
 + Level 5.5 Fighting
 - Level 2.4 Axes
 - Level 3.6 Armour
 - Level 3.6 Shields


You had 2 spell levels left.
You didn't know any spells.
Your spell library was empty.

Dungeon Overview and Level Annotations

Branches:
Dungeon (2/15)

Altars:


Innate Abilities, Weirdness & Mutations

You have a pair of horns on your head.
You reflexively headbutt those who attack you in melee.


Message History

The orc closely misses you.
You hit the orc. You headbutt the orc.
You kill the orc!
The orc priest mumbles some strange prayers to Beogh against you.
Beogh smites you!
An orc priest comes into view. It is wielding a +0 club.
You hit the orc but do no damage. Your headbutt misses the orc.
You slash the orc!
You kill the orc!
You barely miss the orc. The orc hits you with a +0 flail.
You slash the orc!
You kill the orc!
An orc wizard comes into view. It is wielding a +2 dagger of venom.
The orc wizard shouts!
The orc priest hits you but does no damage.
The orc priest invokes the aid of Beogh against you.
Pain shoots through your body!
Items here: $ )) †.
You hit the orc priest.
The orc priest is lightly wounded.
You hit the orc priest. The orc priest closely misses you.
The orc priest hits you with a +0 short sword.
* * * LOW HITPOINT WARNING * * *
The orc wizard points at you and mumbles some strange words.
You resist with significant effort.
You feel very mighty all of a sudden. You block the orc priest's attack.
The orc priest hits you but does no damage.
The orc wizard hits you but does no damage.
You are lethally poisoned!
* * * LOW HITPOINT WARNING * * *
You feel very sick.
The orc priest hits you with a +0 short sword.
* * * LOW HITPOINT WARNING * * *
It was a potion of curing.
You feel better.
The orc priest mumbles some strange prayers to Beogh against you.
Beogh smites you!
* * * LOW HITPOINT WARNING * * *
The orc priest hits you with a +0 short sword.
You die...

#......#......#.#
##...............#
#........$.......#
#................#
#................#
#................#
##.####................#
..........))...........#
........o@$............#
########oo.....#.....#.#
........#..#..#######.#
........#.##..#######.###
..........##.............
..
..........##...#.........
#.#
.........###.#..#...>....
.. .........#
............ .#
.........# #.#.........


You could see 2 orc priests and an orc wizard.

Vanquished Creatures
  A dart slug (D:1)
  6 orcs (D:2)
  4 ball pythons
  3 bats
  An endoplasm (D:2)
  A giant cockroach (D:1)
  7 goblins
  A hobgoblin (D:1)
  5 kobolds
  2 quokkas (D:1)
  2 frilled lizards (D:1)
  3 rats (D:1)
36 creatures vanquished.

Notes
Turn   | Place    | Note
-------+----------+-------------------------------------------
     0 | D:1      | croobank the Minotaur Fighter began the quest for the Orb.
     0 | D:1      | Reached XP level 1. HP: 19/19 MP: 0/0
   104 | D:1      | Reached skill level 4 in Fighting
   217 | D:1      | Reached XP level 2. HP: 28/28 MP: 1/1
   408 | D:1      | Found a faded altar of an unknown god.
   523 | D:1      | Reached skill level 5 in Fighting
   827 | D:2      | Reached XP level 3. HP: 36/36 MP: 2/2
  1010 | D:2      | HP: 1/36 [orc priest/divine providence (12)]
  1010 | D:2      | Slain by an orc priest

Illustrated notes

Levels and vault maps discovered:
D:1:      elethiomel_arrival_infinity_welcomes_careful_drivers, layout_rooms,
          basic_ecumenical_altar
D:2:      cheibrodos_pilgrimage, layout_rooms

Skill      XL: |  1  2 |
---------------+-------+-----
Fighting       | 4 5 |  5.5
Axes           | |  2.4
Armour         | |  3.6
Shields        | |  3.6

Action                   || total
-------------------------++-------
Melee: War axe           ||    77
       Headbutt          ||     4
  Use: Potion            ||     2
Armor: Scale mail        ||    39
Dodge: Dodged            ||    44
Block: Buckler           ||    20
